 Dungeon Crawl Stone Soup version 0.23.1 (webtiles) character file.

Game seed: 0

3554 PikkenKukken the Archer (level 9, -1/75 HPs)
             Began as a Centaur Arcane Marksman on Mar 11, 2019.
             Was an Elder of Okawaru.
             Slain by a two-headed ogre
             ... wielding a +0 giant club
              (18 damage)
             ... on level 8 of the Dungeon.
             The game lasted 00:18:54 (8962 turns).

PikkenKukken the Archer (Centaur Arcane Marksman)   Turns: 8962, Time: 00:18:54

Health: -1/75      AC: 13    Str: 14    XL:     9   Next: 83%
Magic:  12/21      EV:  7    Int: 13    God:    Okawaru [****..]
Gold:   422        SH:  0    Dex: 11    Spells: 7/10 levels left

rFire    . . .     SeeInvis .   a - +0 shortbow
rCold    . . .     Gourm    +   (shield currently unavailable)
rNeg     . . .     Faith    .   D - +0 chain mail {rPois}
rPois    +         Spirit   .   (no helmet)
rElec    .         Reflect  .   (no cloak)
rCorr    .         Harm     .   p - +2 pair of gloves
MR       .....                  (no barding)
Stlth    ..........             B - amulet of the gourmand
HPRegen  0.22/turn              g - ring of magical power
MPRegen  0.17/turn              j - ring of wizardry

@: heroism, very quick
A: large, hooves 3, deformed body, speed 2, tough skin 3
a: Heroism, Renounce Religion


You were on level 8 of the Dungeon.
You worshipped Okawaru.
Okawaru was greatly pleased with you.
You were completely stuffed.

You visited 1 branch of the dungeon, and saw 8 of its levels.

You collected 422 gold pieces.

Inventory:

Hand Weapons
 a - a +0 shortbow (weapon)
 b - the +3 war axe of Otosch {drain, +Blink rElec MP-9 Dex+7}
   (You found it on level 7 of the Dungeon)

   A truly terrible weapon, it drains the life of those it strikes.
   It affects your dexterity (+7).
   It insulates you from electricity.
   It affects your magic capacity (-9).
   It lets you blink.
Missiles
 d - 18 arrows (quivered)
 m - 4 throwing nets
Armour
 p - a +2 pair of gloves (worn)
 s - a +1 scale mail
 D - a +0 chain mail of poison resistance (worn)
Jewellery
 g - a ring of magical power (left hand)
 j - a ring of wizardry (right hand)
 y - an uncursed ring of fire {unknown}
 B - an amulet of the gourmand (around neck)
Wands
 c - a wand of scattershot (3)
 C - a wand of random effects (20)
Scrolls
 t - 2 scrolls of teleportation
 v - 3 scrolls of fear
 x - a scroll of identify
 E - a scroll of silence
Potions
 e - a potion of magic {unknown}
 h - a potion of invisibility
 i - a potion of mutation {unknown}
 k - a potion of brilliance {unknown}
 l - 3 potions of curing
 n - 2 potions of might
 o - 2 potions of agility
 q - a potion of heal wounds {unknown}
 r - a potion of flight {unknown}
 u - a potion of ambrosia
 w - 3 potions of lignification
 z - a potion of cancellation {unknown}
Comestibles
 f - 15 rations


   Skills:
 + Level 5.8(10.8) Fighting
   Level 0.5(5.5) Short Blades
 * Level 11.3(16.3) Bows
 + Level 4.1(9.1) Armour
 + Level 4.7(9.7) Dodging
 - Level 1.0 Spellcasting
 - Level 2.6 Hexes
 - Level 5.0 Invocations


You had 7 spell levels left.
You knew the following spells:

 Your Spells              Type           Power        Failure   Level  Hunger
a - Corona                Hex            #......      47%         1    ##.....
b - Slow                  Hex            #.......     61%         2    ###....

Your spell library contained the following spells:

 Spells                   Type           Power        Failure   Level  Hunger
 Animate Skeleton         Necr           N/A          83%         1    ##.....
 Pain                     Necr           #...         83%         1    ##.....
 Summon Small Mammal      Summ           #...         83%         1    ##.....
 Call Imp                 Summ           #.......     92%         2    ###....
 Inner Flame              Hex/Fire       #.......     95%         3    ####...
 Portal Projectile        Hex/Tloc       #.....       95%         3    ####...
 Summon Guardian Golem    Hex/Summ       #.......     95%         3    ####...
 Call Canine Familiar     Summ           #.......     99%         3    ####...
 Regeneration             Chrm/Necr      #.........   99%         3    ####...
 Vampiric Draining        Necr           #.........   99%         3    ####...
 Cause Fear               Hex            #.........   99%         4    #####..
 Animate Dead             Necr           N/A          100%        4    #####..
 Leda's Liquefaction      Hex/Erth       #.........   100%        4    #####..
 Summon Ice Beast         Ice/Summ       #.......     100%        4    #####..
 Summon Lightning Spire   Summ/Air       #.......     100%        4    #####..


Dungeon Overview and Level Annotations

Branches:
Dungeon (8/15)             Temple (0/1) D:7
   Lair: D:8-11

Altars:
Fedhas
Makhleb
Okawaru
Vehumet
Xom

Shops:
D:5 *

Annotations:
D:6 exclusion: oklob plant


Innate Abilities, Weirdness & Mutations

You have hooves in place of feet.
Armour fits poorly on your strangely shaped body.
You cover ground very quickly.
You have extremely tough skin. (AC +3)


Message History

Aim: a two-headed ogre, wielding two +0 giant clubs (almost dead)
You shoot an arrow.
The arrow hits the two-headed ogre but does no damage.
The two-headed ogre is almost dead.
The two-headed ogre hits you with a +0 giant club!
* * * LOW HITPOINT WARNING * * *
The two-headed ogre barely misses you.
Firing (i - inventory. (/) - cycle)
d - 20 arrows (quivered)
Press: ? - help, Shift-Dir - straight line, f/p - two-headed ogre
Aim: a two-headed ogre, wielding two +0 giant clubs (almost dead)
You shoot an arrow.
The arrow hits the two-headed ogre but does no damage.
The two-headed ogre is almost dead.
Firing (i - inventory. (/) - cycle)
d - 19 arrows (quivered)
Press: ? - help, Shift-Dir - straight line, f/p - two-headed ogre
Aim: a two-headed ogre, wielding two +0 giant clubs (almost dead)
You shoot an arrow. The arrow hits the two-headed ogre.
The two-headed ogre is almost dead.
The two-headed ogre hits you with a +0 giant club!!
You die...

#......##.#
#.####.##.#### #.#
#.......###
#.#######......#
#.##.....#...#.#
#####.##.###.#.###.#
...#......#.#.# #.#
####.####.#.#.#.###.#
#####.(.((((O@#.#.#.....#
#.....##.######.#.#######
#.######.# ##..# #.
##########.## #O
#÷÷..###..# #.
#.§.#..#..# ##
#.).###.÷.# ##### ##.##
###


You could see a two-headed ogre.

Vanquished Creatures
  Harold (D:7)
  Pikel (D:5)
  Grinder (D:5)
  Edmund (D:5)
  Menkaure (D:7)
  2 orc warriors
  An ice beast (D:7)
  A slave (D:5)
  A black bear (D:6)
  5 ogres
  2 phantoms
  A centaur (D:4)
  A bullfrog (D:5)
  2 scorpions (D:6)
  A water moccasin skeleton (D:4)
  A howler monkey (D:6)
  2 crimson imps
  A centaur skeleton (D:6)
  A centaur zombie (D:7)
  A hound (D:6)
  A quasit (D:6)
  2 jellies (D:6)
  A bullfrog zombie (D:5)
  An orc wizard (D:6)
  A bullfrog skeleton (D:4)
  An orc priest (D:7)
  2 iguanas
  A statue (D:7)
  6 worker ants
  A hound zombie (D:8)
  7 gnolls
  6 adders
  An ooze (D:4)
  3 worms
  4 dart slugs
  2 leopard geckos
  10 orcs
  6 giant cockroaches
  11 goblins
  6 hobgoblins
  14 jackals
  8 kobolds
  4 quokkas
  3 ball pythons
  8 bats
  7 frilled lizards
  A leopard gecko skeleton (D:6)
  A leopard gecko zombie (D:7)
  10 rats
157 creatures vanquished.

Vanquished Creatures (others)
  2 slaves (D:5)
  8 toadstools (D:6)
10 creatures vanquished.

Grand Total: 167 creatures vanquished

Notes
Turn   | Place    | Note
-------+----------+-------------------------------------------
     0 | D:1      | PikkenKukken the Centaur Arcane Marksman began the quest
                  | for the Orb.
     0 | D:1      | Reached XP level 1. HP: 16/16 MP: 2/2
   183 | D:1      | Reached skill level 3 in Bows
   297 | D:1      | Reached XP level 2. HP: 23/23 MP: 3/3
   877 | D:1      | Reached skill level 4 in Bows
   988 | D:1      | Reached XP level 3. HP: 28/28 MP: 4/4
  1642 | D:2      | Reached XP level 4. HP: 31/35 MP: 5/5
  1776 | D:2      | Found a shimmering altar of Xom.
  2419 | D:2      | Found a burning altar of Makhleb.
  2620 | D:3      | Found an iron altar of Okawaru.
  2658 | D:3      | Became a worshipper of Warmaster Okawaru
  2717 | D:3      | Learned a level 2 spell: Slow
  2782 | D:3      | Reached skill level 1 in Armour
  2860 | D:3      | Reached skill level 5 in Bows
  3191 | D:4      | Reached skill level 1 in Invocations
  3191 | D:4      | Reached XP level 5. HP: 31/41 MP: 6/6
  3428 | D:4      | Noticed an ogre
  3453 | D:4      | Killed an ogre
  3453 | D:4      | Reached XP level 6. HP: 27/49 MP: 7/7
  4042 | D:4      | Reached * piety under Okawaru
  4042 | D:4      | Reached skill level 6 in Bows
  4832 | D:5      | Entered Level 5 of the Dungeon
  4833 | D:5      | Noticed Edmund
  4861 | D:5      | Killed Edmund
  4861 | D:5      | Reached XP level 7. HP: 27/57 MP: 8/8
  5119 | D:5      | Reached skill level 7 in Bows
  5158 | D:5      | Noticed Grinder
  5174 | D:5      | Killed Grinder
  5174 | D:5      | Reached ** piety under Okawaru
  5313 | D:5      | Found Puesina's General Store.
  5724 | D:5      | Noticed Pikel
  6023 | D:5      | Killed Pikel
  6023 | D:5      | Reached skill level 8 in Bows
  6023 | D:5      | Reached XP level 8. HP: 17/66 MP: 10/10
  6336 | D:6      | Reached *** piety under Okawaru
  6645 | D:6      | Reached skill level 9 in Bows
  6952 | D:6      | Received a gift from Okawaru
  6975 | D:6      | Reached XP level 9. HP: 72/72 MP: 12/12
  7129 | D:6      | Found a blossoming altar of Fedhas.
  7146 | D:6      | Noticed an oklob plant
  7390 | D:7      | Found a staircase to the Ecumenical Temple.
  7421 | D:7      | Got a brightly glowing war axe
  7422 | D:7      | Identified the +3 war axe of Otosch {drain, +Blink rElec
                  | MP-9 Dex+7} (You found it on level 7 of the Dungeon)
  7562 | D:7      | Reached skill level 5 in Invocations
  7626 | D:7      | Reached skill level 10 in Bows
  7628 | D:7      | Noticed Harold
  7960 | D:7      | Reached skill level 5 in Fighting
  8146 | D:7      | Killed Harold
  8146 | D:7      | Reached **** piety under Okawaru
  8428 | D:7      | Noticed Menkaure
  8436 | D:7      | Killed Menkaure
  8436 | D:7      | Reached skill level 11 in Bows
  8466 | D:7      | Found a radiant altar of Vehumet.
  8937 | D:8      | Noticed a two-headed ogre
  8962 | D:8      | Slain by a two-headed ogre

Skill      XL: |  1  2  3  4  5  6  7  8  9 |
---------------+----------------------------+-----
Bows           | 3 4 5 6 8 9 11 | 11.3
Dodging        | 2 3 4 |  4.7
Armour         | 1 2 3 4 |  4.1
Fighting       | 2 3 4 5 |  5.8
Invocations    | 1 2 3 4 5 |  5.0
Short Blades   | |  0.5
Spellcasting   | |  1.0
Hexes          | |  2.6

Action                   |  1- 3 |  4- 6 |  7- 9 || total
-------------------------+-------+-------+-------++-------
Melee: Short sword       |    85 |       |       ||    85
       Kick              |    19 |    10 |    20 ||    49
       Hand axe          |    37 |    68 |       ||   105
       Dire flail        |       |       |    34 ||    34
       War axe           |       |       |    39 ||    39
 Fire: Shortbow          |    34 |   178 |   322 ||   534
 Cast: Corona            |       |       |     1 ||     1
Invok: Heroism           |       |       |    11 ||    11
  Use: Scroll            |     3 |     7 |     8 ||    18
       Potion            |       |     1 |     1 ||     2
  Eat: Chunk             |     2 |     8 |    19 ||    29
Armor: Robe              |    24 |       |       ||    24
       Ring mail         |    43 |    32 |       ||    75
       Scale mail        |       |    45 |    94 ||   139
       Chain mail        |       |       |    17 ||    17
Dodge: Dodged            |    71 |    55 |    89 ||   215
